 Dungeon Crawl Stone Soup version 0.30-a0-1035-g38d5fb2972 (webtiles) character file.

Game seed: 9031431657013208682

99556 CryoSword the Brawler (level 15, -1/145 HPs)
             Began as a Troll Necromancer on Apr 8, 2023.
             Was an Elder of Kikubaaqudgha.
             Succumbed to poison
             ... while paralysed by a fenstrider witch
             ... on level 1 of the Swamp.
             The game lasted 01:15:10 (26407 turns).

CryoSword the Brawler (Troll Necromancer)          Turns: 26407, Time: 01:15:11

Health: -1/145     AC: 18    Str: 20    XL:     15   Next: 78%
Magic:  20/30      EV:  1    Int: 28    God:    Kikubaaqudgha [****..]
Gold:   849        SH:  0    Dex: 10    Spells: 3/22 levels left

rFire   . . .      SeeInvis .      - Unarmed
rCold   . . .      Faith    .    L - +0 kite shield
rNeg    . . .      Spirit   .    D - +2 troll leather armour
rPois   +          Reflect  .    v - +3 hat of Pondering {ponderous, Will+ MP+10 Int+5}
rElec   .          Rampage  .    d - +2 cloak {rPois}
rCorr   .                        (gloves unavailable)
Will    ++...                    (boots unavailable)
Stlth   +                        k - amulet of magic regeneration
HPRegen 2.04/turn                m - +6 ring of intelligence
MPRegen 0.62/turn                f - +4 ring of protection {=R}

@: paralysed, lethally poisoned (-1 -> -4), animating dead, very slightly
contaminated, studying Throwing, slow
A: large, unfitting armour, claws 3, regeneration 1, shaggy fur 1, tough skin 1
a: Renounce Religion, Unearth Wretches


You were on level 1 of the Swamp.
You worshipped Kikubaaqudgha.
Kikubaaqudgha was greatly pleased with you.
You visited 5 branches of the dungeon, and saw 25 of its levels.
You visited the Abyss 1 time.
You also visited: Gauntlet.

You collected 2838 gold pieces.
You spent 1989 gold pieces at shops.

Inventory:

Missiles
 y - 5 curare-tipped darts
 E - 2 throwing nets
Armour
 d - a +2 cloak of poison resistance (worn)
   (You bought it in a shop on level 7 of the Dungeon)
 v - the +3 hat of Pondering (worn) {ponderous, Will+ MP+10 Int+5}
   (You took it off Gastronok on level 12 of the Dungeon)

   Int:       It affects your intelligence (+5).
   MP:        It affects your magic capacity (+10).
   Will:      It increases your willpower.
 D - a +2 troll leather armour (worn)
   (You found it on level 9 of the Dungeon)
 F - +0 ice dragon scales
   (You found it on level 5 of the Lair of Beasts)
 K - the +2 acid dragon scales "Ublagg" {rN+ rCorr Str+3 Dex-4}
   (You found it in a Gauntlet)

   Str:       It affects your strength (+3).
   Dex:       It affects your dexterity (-4).
   rN:        It protects you from negative energy.
   rCorr:     It protects you from acid and corrosion.
 L - a +0 kite shield (worn)
   (You took it off a vault guard on level 13 of the Dungeon)
Jewellery
 f - a +4 ring of protection (right claw) {=R}
   (You found it on level 5 of the Lair of Beasts)
 g - a ring of see invisible
   (You took it off a kobold on level 13 of the Dungeon)
 k - an amulet of magic regeneration (around neck)
   (You found it on level 3 of the Dungeon)
 m - a +6 ring of intelligence (left claw)
   (You found it on level 3 of the Dungeon)
 G - a ring of protection from cold
   (You took it off a minotaur in a Gauntlet)
 J - a ring of resist corrosion
   (You found it in a Gauntlet)
 O - a ring of protection from fire
   (You found it in a Gauntlet)
Wands
 e - a wand of paralysis (16)
   (You found it on level 9 of the Dungeon)
 w - a wand of light (4) (quivered)
   (You took it off Maurice on level 8 of the Dungeon)
 A - a wand of flame (8)
   (You found it on level 12 of the Dungeon)
 I - a wand of roots (7)
   (You found it on level 4 of the Lair of Beasts)
Scrolls
 a - 7 scrolls of fog
 i - 4 scrolls of amnesia
 l - 3 scrolls of poison {!r}
 p - a scroll of silence
 q - a scroll of torment {!r}
 r - a scroll of blinking
 s - 6 scrolls of teleportation {@r4}
 x - 3 scrolls of magic mapping
Potions
 b - 3 potions of magic
 c - 9 potions of curing {@q1}
 h - 9 potions of haste {@q3}
 j - 6 potions of might
 n - 8 potions of brilliance
 o - 3 potions of mutation {!q}
 t - 3 potions of resistance
 u - a potion of invisibility
 z - a potion of ambrosia
 B - a potion of cancellation
 C - 5 potions of flight
 H - a potion of heal wounds {@q2}


   Skills:
 + Level 8.7 Fighting
 + Level 2.1 Armour
 - Level 5.0 Dodging
 - Level 1.0 Stealth
 + Level 8.9 Shields
 + Level 16.2 Unarmed Combat
 + Level 4.0 Spellcasting
 - Level 3.0 Hexes
 * Level 12.0 Necromancy
 - Level 5.0 Transmutations
 + Level 0.5 Ice Magic
 + Level 6.1 Earth Magic


You had 3 spell levels left.
You knew the following spells:

 Your Spells              Type           Power      Damage    Failure   Level
a - Borgnjor's Vile Clut  Necr/Erth      27%        N/A       11%         5
b - Anguish               Hex/Necr       23%        N/A       8%          4
c - Dispel Undead         Necr           65%        3d22      1%          4
y - Wereblood             Tmut           33%        N/A       3%          2
z - Animate Dead          Necr           65%        N/A       1%          4

Your spell library contained the following spells:

 Spells                   Type           Power      Damage    Failure   Level
 Necrotise                Necr           100%       1d9       1%          1
 Sublimation of Blood     Necr           65%        N/A       1%          2
 Vampiric Draining        Necr           65%        2d10      1%          3
 Passwall                 Tmut/Erth      30%        N/A       2%          2
 Sting                    Tmut/Pois      76%        1d6       6%          1
 Ensorcelled Hibernation  Hex/Ice        30%        N/A       12%         2
 Freeze                   Ice            32%        1d5       14%         1
 Stone Arrow              Conj/Erth      44%        3d9       14%         3
 Tukima's Dance           Hex            22%        N/A       14%         3
 Magic Dart               Conj           20%        1d4       17%         1
 Blink                    Tloc           10%        N/A       26%         2
 Call Imp                 Summ           10%        N/A       26%         2
 Lesser Beckoning         Tloc           10%        N/A       26%         2
 Momentum Strike          Conj/Tloc      10%        3d8       26%         2
 Poisonous Vapours        Pois/Air       10%        N/A       26%         2
 Scorch                   Fire           10%        2d5       26%         2
 Portal Projectile        Hex/Tloc       28%        N/A       26%         3
 Frozen Ramparts          Ice            16%        1d3       38%         3
 Hailstorm                Conj/Ice       7%         3d4       41%         3
 Call Canine Familiar     Summ           5%         N/A       45%         3
 Mephitic Cloud           Conj/Pois/Air  5%         N/A       45%         3
 Swiftness                Air            5%         N/A       45%         3
 Agony                    Necr           65%        N/A       3%          5
 Petrify                  Tmut/Erth      36%        N/A       17%         4
 Leda's Liquefaction      Hex/Erth       15%        N/A       26%         4
 Animate Armour           Summ/Erth      44%        N/A       43%         4
 Cause Fear               Hex            11%        N/A       43%         4
 Ice Form                 Ice/Tmut       21%        N/A       47%         4
 Blade Hands              Tmut           16%        N/A       52%         5
 Flame Wave               Conj/Fire      5%         2d5       86%         4
 Olgreb's Toxic Radiance  Pois           5%         N/A       86%         4
 Irradiate                Conj/Tmut      9%         3d14      86%         5
 Simulacrum               Ice/Necr       20%        N/A       89%         6
 Iron Shot                Conj/Erth      11%        9d3       100%        6
 Summon Cactus Giant      Summ           2%         N/A       100%        6
 Dragon Form              Tmut           16%        N/A       100%        7
 Enfeeble                 Hex            11%        N/A       100%        7
 Haunt                    Necr/Summ      19%        N/A       100%        7
 Summon Hydra             Summ           2%         N/A       100%        7
 Lehudib's Crystal Spear  Conj/Erth      11%        10d4      100%        8


Dungeon Overview and Level Annotations

Branches:
Dungeon (15/15)            Temple (1/1) D:4            Lair (5/5) D:10
  Swamp (2/4) Lair:3        Snake (0/4) Lair:2        Slime (0/5) Lair:5
    Orc (2/2) D:11            Elf (0/3) Orc:2        Vaults (0/5) D:14
 Depths (0/4) D:15        Gauntlet (visited)

Altars:
Ashenzari
Cheibriados
Dithmenos
Elyvilon
Fedhas
Gozag
Hepliaklqana
Kikubaaqudgha
Makhleb
Nemelex Xobeh
Okawaru
Qazlal
Ru
Sif Muna
Trog
Uskayaw
Vehumet
Wu Jian
Xom
Yredelemnul
Zin
The Shining One
Jiyva

Shops:
D:5 *   D:7 ?([   D:12 [   Orc:2 (=[[

Portals:
Trove: D:12 (give +5 demon whip)

Annotations:
D:15 2 transporters, NoOffense's ghost, journeyman TrMo


Innate Abilities, Weirdness & Mutations

You are too large for most types of armour.
You have claws for hands.
Your natural rate of healing is unusually fast.
You are covered in fur. (AC +1)
You have tough skin. (AC +1)


Message History

A tyrant leech is nearby!
Aim: a tyrant leech (asleep, 100% to hit)
Zombie hands grab the tyrant leech.
The zombie hands constrict the tyrant leech.
Found a potion of attraction.
The zombie hands constrict the tyrant leech.
The tyrant leech bites you but does no damage.
You mangle the tyrant leech!!
The zombie hands constrict the tyrant leech!
The tyrant leech bites you but does no damage.
You scratch the tyrant leech.
The zombie hands constrict the tyrant leech!
You kill the tyrant leech!
Kikubaaqudgha accepts your kill.
No target in view!
A tyrant leech comes into view.
A tyrant leech is nearby!
A tyrant leech is nearby!
Kikubaaqudgha calls piteous wretches from the earth!
You can no longer invoke torment.
A four-headed hydra comes into view.
A swamp worm comes into view.
You call upon the dead to rise.
The helpless four-headed hydra fails to defend itself.
You rip one of the four-headed hydra's heads off!
The three-headed hydra grows two more!
You mangle the five-headed hydra!!
You kill the five-headed hydra!
That felt strangely unrewarding.
The dead are walking!
The swamp worm fires a harpoon shot at you.
The harpoon shot misses you.
Aim: a tyrant leech (ally target, 100% to hit)
Zombie hands grab the tyrant leech.
The zombie hands constrict the tyrant leech.
You block the tyrant leech's attack.
You claw the tyrant leech!
The zombie hands constrict the tyrant leech!
The swamp worm fires a harpoon shot at you.
The harpoon shot hits you.
You are yanked forward by the harpoon shot.
Splash!
You fall into the shallow water.
The tyrant leech struggles to escape constriction.
Found a potion of heal wounds.
You completely miss the swamp worm.
The zombie hands constrict the tyrant leech.
Your five-headed hydra zombie bites the tyrant leech. x2
Your five-headed hydra zombie bites the tyrant leech! x2
Your five-headed hydra zombie bites the tyrant leech.
The tyrant leech dies!
Kikubaaqudgha accepts your kill.
The dead are slithering!
The swamp worm bites you!
You mangle the swamp worm!!
You kill the swamp worm!
Kikubaaqudgha accepts your kill.
No target in view!
You swap places.
You now have 849 gold pieces (gained 13).
You see here a scroll of enchant weapon.
A sourceless malevolence fills the Swamp...
You fall into a shaft and drop 1 floor!
The shaft crumbles and collapses.
Found a stone staircase leading up.
You enter the shallow water.
There is a stone staircase leading up here.
You climb upwards.
There is a stone staircase leading down here.
A goliath frog comes into view.
A goliath frog is nearby!
A goliath frog is nearby!
Aim: a goliath frog (100% to hit)
Zombie hands grab the goliath frog.
The zombie hands constrict the goliath frog!
The goliath frog struggles to escape constriction. x2
The zombie hands constrict the goliath frog.
The goliath frog hits you from afar!
You are splashed with acid!
You enter the shallow water.
Found 9 stones.
The zombie hands constrict the goliath frog!
The goliath frog hits you but does no damage.
You scratch the goliath frog but do no damage.
The zombie hands constrict the goliath frog.
You block the goliath frog's attack.
You mangle the goliath frog!!
You kill the goliath frog!
Kikubaaqudgha accepts your kill.
No target in view!
A fenstrider witch comes into view.
A fenstrider witch is nearby!
A fenstrider witch is nearby!
The fenstrider witch shouts!
The fenstrider witch gestures at you while chanting.
The toxic sludge hits you.
You are poisoned.
You partially resist.
Splash!
You fall into the toxic bog.
You see here a goliath frog corpse.
Aim: a fenstrider witch, wearing a +0 robe (100% to hit)
Zombie hands grab the fenstrider witch.
You fester in the toxic bog.
You partially resist.
You are more poisoned.
The zombie hands constrict the fenstrider witch.
You feel very sick.
The fenstrider witch struggles to escape constriction.
The zombie hands constrict the fenstrider witch.
You feel sick.
The fenstrider witch escapes!
The fenstrider witch gestures at you while chanting.
The toxic sludge hits you!
You are more poisoned.
You partially resist.
Splash!
You fall into the toxic bog.
Aim: a fenstrider witch, wearing a +0 robe (lightly wounded, 100% to hit)
You miscast Borgnjor's Vile Clutch.
You are very lightly contaminated with residual magic.
Nothing appears to happen.
You fester in the toxic bog!
You partially resist.
You are more poisoned.
You feel very sick.
The fenstrider witch points at you and mumbles some strange words.
The toxic sludge hits you!
You are more poisoned.
You partially resist.
Unknown command.
The fenstrider witch resists with almost no effort.
You fester in the toxic bog!
You partially resist.
You are more poisoned.
You feel extremely sick.
The fenstrider witch gestures at you while chanting.
You suddenly lose the ability to move!
You fester in the toxic bog.
You partially resist.
You are more poisoned.
You feel extremely sick.
The fenstrider witch hits you but does no damage.
The fenstrider witch kicks you!
* * * LOW HITPOINT WARNING * * *
The fenstrider witch points at you and mumbles some strange words.
Your body is wracked with pain!
* * * LOW HITPOINT WARNING * * *
Splash!
You fall into the shallow water.
You feel very sick. The fenstrider witch hits you!
* * * LOW HITPOINT WARNING * * *
The fenstrider witch kicks you.
* * * LOW HITPOINT WARNING * * *
* * * LOW HITPOINT WARNING * * *
You feel very sick.
The fenstrider witch hits you but does no damage.
The fenstrider witch kicks you.
* * * LOW HITPOINT WARNING * * *
You die...
Kikubaaqudgha rasps: "You have failed me!
Welcome... death!"

♣~~~....~~~..~....
~.~..~~~§~~~~§.~... ♣
!..♣..~§~~~!♣♣♣~~..♣ .♣♣
.♣♣♣..~~~~~....~..~♣♣..§
♣♣♣..~~~...~♣.~.~$...
♣~.~~~..♣♣..~~..~~.
♣...§~...♣.~~.~.~.~
♣..~~~~..~†....~~~♣
~..~~~~..~♣@H..~~♣
.♣.~~~~~.♣♣♣♣§..♣♣
..~~~~~~.~♣ (~♣
.~~~..~>.♣♣ .≈≈
..~~~~~~.♣ ♣≈≈
♣.~~~~§~.♣ ≈ ♣~~~~~.~.♣
♣~........ ♣♣.........


You could see a fenstrider witch.

Vanquished Creatures
  An Executioner (Abyss:2)
  Gastronok (D:12)
  Kirke (D:12)
  A fire giant (D:13)
  An orc warlord (Orc:1)
  Azrael (D:13)
  A minotaur (Gauntlet)
  An entropy weaver (shapeshifter) (D:14)
  A fire dragon (D:13)
  8 vault guards
  The ghost of Vioxtix the Blocker, a journeyman GnFi of Okawaru (Orc:1)
  5 hydras
  A boulder beetle (D:12)
  An ice dragon (Lair:5)
  A jorogumo (shapeshifter) (D:15)
  3 centaur warriors
  6 two-headed ogres
  Urug (D:13)
  A deep troll earth mage (D:13)
  The ghost of nubinia the Eclecticist, a journeyman DEAE of Gozag (D:10)
  3 orc high priests (Orc:2)
  A shadow wraith (D:14)
  A skyshark (Lair:3)
  A spatial maelstrom (Abyss:2)
  Amaemon (D:9)
  2 goliath frogs
  A phantasmal warrior (D:11)
  2 lindwurms (Lair:5)
  2 wizards
  4 deep elf pyromancers
  5 orc knights
  4 orc sorcerers
  2 ugly things
  A salamander (Lair:2)
  A worldbinder (Abyss:2)
  2 manticores
  A salamander (shapeshifter) (D:15)
  6 cyclopes
  3 elephants (Lair:3)
  2 orange demons
  6 black mambas
  A naga mage (D:15)
  Maurice (D:8)
  7 cane toads
  Psyche (D:8)
  2 torpor snails (Lair:5)
  A hellion (Gauntlet)
  2 rime drakes
  3 komodo dragons
  A kobold demonologist (D:12)
  2 tengu conjurers
  3 trolls
  4 tyrant leeches
  3 hornets
  2 polar bears (Lair:5)
  2 meliai (D:13)
  2 raiju
  4 slime creatures
  5 dream sheep (Lair:4)
  3 vampires
  A centaur simulacrum (Gauntlet)
  2 shadows
  8 wyverns
  19 yaks
  A spriggan (D:13)
  A wraith (D:11)
  3 fire elementals (D:13)
  A human (D:12)
  3 hogs (D:12)
  5 basilisks
  5 steam dragons
  A naga (Gauntlet)
  A large abomination (Abyss:2)
  3 acid dragons
  Edmund (D:6)
  A spatial vortex (Abyss:2)
  2 swamp worms
  5 hell hounds
  13 water moccasins
  A small abomination (Abyss:2)
  A swamp drake (Lair:5)
  25 orc warriors
  2 ice beasts
  3 sky beasts
  3 black bears
  7 ogres
  5 centaurs
  6 wolves (Lair:1)
  5 kobold brigands
  8 bullfrogs
  2 gnoll sergeants
  2 scorpions (D:5)
  9 wights
  A hornet simulacrum (Gauntlet)
  24 killer bees
  An electric eel (Lair:2)
  2 howler monkeys
  2 hounds (D:6)
  A lava snake (Lair:2)
  18 orc priests
  5 iguanas
  2 sleepcaps
  Natasha (thrice) (D:2)
  23 orc wizards
  14 adders
  10 gnolls
  2 white imps
  2 ufetubi
  4 worms
  3 dart slugs
  68 orcs
  7 ball pythons
  8 endoplasms
  2 giant cockroaches
  4 goblins
  4 hobgoblins
  2 jackals (D:5)
  5 quokkas
  5 bats
  A frilled lizard (D:14)
  22 kobolds
  2 rats (D:2)
540 creatures vanquished.

Vanquished Creatures (collateral kills)
  A fire dragon (Lair:5)
  A hydra (Lair:4)
  A boulder beetle (Lair:5)
  A swamp dragon (Lair:5)
  An orc sorcerer (Orc:2)
  A moth of wrath (D:10)
  2 elephants (Lair:3)
  A black mamba (Lair:5)
  2 torpor snails (Lair:5)
  A rime drake (Lair:5)
  2 komodo dragons (Lair:5)
  3 tyrant leeches
  2 hornets (Lair:5)
  A jumping spider (shapeshifter) (D:14)
  2 dream sheep (Lair:4)
  2 slime creatures
  11 yaks
  A centaur simulacrum (Gauntlet)
  2 water moccasins (Lair:5)
  3 orc warriors
  A swamp drake (Lair:5)
  4 wolves (Lair:1)
  3 bullfrogs
  4 killer bees (D:10)
  An orc priest (Orc:2)
  4 iguanas (Lair:5)
  5 orcs
63 creatures vanquished.

Vanquished Creatures (others)
  Nessos (Lair:3)
  3 bunyips (Gauntlet)
  An ogre mage (D:10)
  A hydra (Lair:5)
  A centaur warrior (D:14)
  3 tengu warriors
  An iron troll (D:14)
  2 bunyip zombies (Gauntlet)
  A wizard (D:13)
  A deep troll (D:10)
  A lindwurm (Lair:5)
  3 orc knights
  A manticore (Gauntlet)
  2 deep elf pyromancers
  A wolf spider (Gauntlet)
  A cyclops (D:14)
  2 black mambas (Lair:3)
  2 elephants (Lair:3)
  A gargoyle (D:13)
  A torpor snail (Lair:5)
  A rime drake (Lair:5)
  A tengu conjurer (Gauntlet)
  A komodo dragon (Lair:5)
  A merfolk (shapeshifter) (Gauntlet)
  A troll (D:10)
  3 hornets (Lair:5)
  A meliai (D:13)
  A polar bear (Lair:2)
  A culicivora zombie (Gauntlet)
  A human zombie (D:13)
  2 tyrant leeches
  2 meliai zombies (D:13)
  A culicivora (Gauntlet)
  A black mamba zombie (Lair:3)
  2 wyverns
  4 yaks
  A tyrant leech zombie (Lair:5)
  A golden eye (shapeshifter) (Gauntlet)
  3 basilisks
  A slime creature zombie (D:13)
  A warg (Orc:1)
  4 water moccasins
  A swamp drake (Gauntlet)
  A hornet zombie (Lair:5)
  A manticore zombie (Gauntlet)
  An orc warrior (D:15)
  2 elephant zombies (Lair:3)
  2 elf zombies
  2 dream sheep zombies (Lair:4)
  A lindwurm zombie (Lair:5)
  A wolf (Lair:1)
  A rime drake zombie (Gauntlet)
  A wyvern zombie (Lair:3)
  2 komodo dragon zombies (Lair:5)
  5 bullfrogs
  A cyclops zombie (D:14)
  A water moccasin zombie (Lair:5)
  2 polar bear zombies (Lair:5)
  2 killer bees
  10 yak zombies
  A black bear zombie (Lair:3)
  2 basilisk zombies
  A bullfrog zombie (Lair:3)
  A lava snake (Lair:2)
  An orc priest (Orc:1)
  4 killer bee zombies
  2 ogre zombies (Orc:1)
  A naga zombie (Gauntlet)
  A kobold zombie (D:8)
  A sky beast zombie (D:8)
  A gnoll (D:8)
  A swamp drake zombie (Gauntlet)
  4 orcs
  2 bats
  A bat zombie (D:13)
  A frilled lizard zombie (D:14)
  A gnoll zombie (D:8)
  40 orc zombies
  65 fungi
  95 plants
328 creatures vanquished.

Grand Total: 931 creatures vanquished

Notes
Turn   | Place    | Note
-------+----------+-------------------------------------------
     0 | D:1      | CryoSword the Troll Necromancer began the quest for the
                  | Orb.
     0 | D:1      | Reached XP level 1. HP: 16/16 MP: 1/1
   170 | D:1      | Reached skill level 1 in Unarmed Combat
   170 | D:1      | Reached XP level 2. HP: 18/24 MP: 2/2
   459 | D:1      | Found a faded altar of an unknown god.
  1051 | D:2      | Noticed Natasha
  1063 | D:2      | Killed Natasha
  1064 | D:2      | Reached skill level 2 in Unarmed Combat
  1064 | D:2      | Reached XP level 3. HP: 6/31 MP: 3/3
  1248 | D:2      | Noticed Natasha
  1258 | D:2      | HP: 2/46 [Natasha (5)]
  1265 | D:2      | Killed Natasha
  1266 | D:2      | Reached skill level 3 in Unarmed Combat
  1266 | D:2      | Reached XP level 4. HP: 32/39 MP: 4/4
  1661 | D:2      | Noticed Natasha
  1667 | D:2      | Killed Natasha
  1709 | D:2      | Reached XP level 5. HP: 43/45 MP: 5/5
  2413 | D:3      | Reached skill level 4 in Unarmed Combat
  3223 | D:4      | Reached XP level 6. HP: 53/53 MP: 4/6
  3413 | D:4      | Found a staircase to the Ecumenical Temple.
  3431 | Temple   | Entered the Ecumenical Temple
  3458 | Temple   | Became a worshipper of Kikubaaqudgha
  3487 | D:4      | Learned a level 4 spell: Animate Dead
  3580 | D:4      | Found Zin's Purification Station.
  3581 | D:4      | Found a glowing silver altar of Zin.
  3586 | D:4      | Bought a potion of curing for 90 gold pieces
  3697 | D:4      | Found an opulent altar of Gozag.
  4065 | D:4      | Reached skill level 5 in Unarmed Combat
  4432 | D:5      | Entered Level 5 of the Dungeon
  4643 | D:5      | Reached XP level 7. HP: 40/59 MP: 1/7
  4746 | D:5      | Reached skill level 6 in Unarmed Combat
  4829 | D:5      | Found Gtworux's Goods Gallery.
  5626 | D:5      | Reached skill level 5 in Necromancy
  5692 | D:6      | Reached skill level 1 in Fighting
  5747 | D:6      | Noticed Edmund
  5758 | D:6      | Killed Edmund
  5793 | D:6      | Found a large runed translucent door.
  5797 | D:6      | Found a large runed translucent door.
  5832 | D:6      | Reached * piety under Kikubaaqudgha
  5832 | D:6      | Received a gift from Kikubaaqudgha
  5845 | D:6      | Reached skill level 7 in Unarmed Combat
  5845 | D:6      | Reached XP level 8. HP: 51/71 MP: 9/9
  6104 | D:6      | Identified the +0 robe "Woichi Beng" {rN+}
  6219 | D:6      | Reached skill level 8 in Unarmed Combat
  6870 | D:7      | Reached XP level 9. HP: 58/83 MP: 11/11
  6986 | D:7      | Found Sufeqamiw's Antique Weapon Emporium.
  6989 | D:7      | Found Qunt's Distillery.
  7002 | D:7      | Bought a potion of lignification for 36 gold pieces
  7002 | D:7      | Bought a potion of invisibility for 96 gold pieces
  7002 | D:7      | Bought a potion of ambrosia for 96 gold pieces
  7002 | D:7      | Bought a potion of might for 48 gold pieces
  7002 | D:7      | Bought a potion of attraction for 36 gold pieces
  7002 | D:7      | Bought a potion of flight for 36 gold pieces
  7049 | D:7      | Found Kacruov's Magic Scroll Shoppe.
  7112 | D:7      | Reached skill level 9 in Unarmed Combat
  7169 | D:7      | Found Xies's Antique Armour Emporium.
  7513 | D:8      | Noticed Psyche
  7525 | D:8      | Killed Psyche
  7585 | D:8      | Reached ** piety under Kikubaaqudgha
  7722 | D:8      | Learned a level 4 spell: Anguish
  7755 | D:8      | Noticed Maurice
  7799 | D:8      | Killed Maurice
  7800 | D:8      | Reached skill level 10 in Unarmed Combat
  7822 | D:8      | Reached skill level 1 in Hexes
  7974 | D:7      | Bought a scroll of teleportation for 48 gold pieces
  7974 | D:7      | Bought a scroll of noise for 16 gold pieces
  8043 | D:8      | Found a white marble altar of Elyvilon.
  9147 | D:8      | Found a glowing golden altar of the Shining One.
  9279 | D:9      | Reached XP level 10. HP: 94/94 MP: 12/12
  9563 | D:9      | Reached skill level 5 in Fighting
  9777 | D:9      | Reached skill level 11 in Unarmed Combat
  9782 | D:9      | Noticed a two-headed ogre
  9798 | D:9      | Killed a two-headed ogre
  9908 | D:9      | HP: 3/96 [killer bee (8)]
  9913 | D:9      | HP: 4/96 [poisoned by a killer bee]
 10207 | D:9      | Noticed Amaemon
 10207 | D:9      | Noticed an orange demon
 10224 | D:10     | Entered Level 10 of the Dungeon
 10322 | D:10     | Found a transporter.
 10324 | D:10     | Noticed a moth of wrath
 10324 | D:10     | Noticed a two-headed ogre
 10324 | D:10     | Noticed a deep troll
 10324 | D:10     | Noticed a two-headed ogre
 10336 | D:10     | Found a bloodstained altar of Trog.
 10336 | D:10     | Noticed nubinia's ghost (journeyman DEAE)
 10428 | D:10     | Reached *** piety under Kikubaaqudgha
 10428 | D:10     | Received a gift from Kikubaaqudgha
 10436 | D:10     | Learned a level 4 spell: Dispel Undead
 10536 | D:10     | Found a staircase to the Lair.
 10612 | D:10     | Reached XP level 11. HP: 67/105 MP: 7/13
 10781 | D:10     | Found a transporter.
 10851 | D:10     | Found a broken altar of Ashenzari.
 10983 | D:11     | Reached skill level 1 in Transmutations
 10999 | D:11     | Noticed a two-headed ogre
 11010 | D:11     | Killed a two-headed ogre
 11198 | D:11     | Found a staircase to the Orcish Mines.
 11241 | D:11     | Reached skill level 14 in Unarmed Combat
 11241 | D:11     | Reached XP level 12. HP: 113/113 MP: 14/14
 11257 | D:11     | You fall into a shaft and drop 2 floors!
 11411 | D:12     | Noticed Gastronok
 11430 | D:12     | Killed Gastronok
 11494 | D:12     | Noticed a boulder beetle
 11941 | Lair:1   | Entered Level 1 of the Lair of Beasts
 12422 | Lair:1   | Reached **** piety under Kikubaaqudgha
 13123 | Lair:1   | Identified 2 scrolls of acquirement
 13125 | Lair:1   | Acquired a book of the Tundra
 13127 | Lair:1   | Acquired the +1 kite shield of the Doldrums {Contam Int+3
                  | SInv}
 13307 | D:7      | Bought a scroll of enchant armour for 120 gold pieces
 13307 | D:7      | Bought a scroll of fog for 64 gold pieces
 13307 | D:7      | Bought a scroll of blinking for 120 gold pieces
 13828 | Lair:2   | Found a gate leading to a gauntlet.
 13837 | Gauntlet | Entered a Gauntlet
 13837 | Gauntlet | Found a transporter.
 13840 | Gauntlet | Found a transporter.
 13844 | Gauntlet | Found a transporter.
 13849 | Gauntlet | Found a transporter.
 13851 | Gauntlet | Noticed a tengu warrior
 13853 | Gauntlet | Found a transporter.
 13856 | Gauntlet | Found a transporter.
 13861 | Gauntlet | Found a transporter.
 13864 | Gauntlet | Found a transporter.
 13868 | Gauntlet | Found a transporter.
 13873 | Gauntlet | Found a transporter.
 13877 | Gauntlet | Found a transporter.
 13880 | Gauntlet | Found a transporter.
 13885 | Gauntlet | Found a transporter.
 13885 | Gauntlet | Noticed a death scarab
 13886 | Gauntlet | Found a runed translucent gate.
 13886 | Gauntlet | Found a runed translucent gate.
 13886 | Gauntlet | Found a runed translucent gate.
 13887 | Gauntlet | Noticed a death scarab
 13888 | Gauntlet | Found a transporter.
 13989 | Gauntlet | Reached skill level 1 in Shields
 14005 | Gauntlet | Noticed a bunyip
 14022 | Gauntlet | Killed a tengu warrior
 14192 | Gauntlet | Noticed a bunyip
 14203 | Gauntlet | Identified the +0 crystal plate armour "Xuas" {rElec}
 14203 | Gauntlet | Noticed a minotaur
 14216 | Gauntlet | Killed a minotaur
 14217 | Gauntlet | Reached skill level 15 in Unarmed Combat
 14217 | Gauntlet | Reached XP level 13. HP: 122/122 MP: 7/16
 14224 | Gauntlet | Identified the +2 acid dragon scales "Ublagg" {rN+ rCorr
                  | Str+3 Dex-4}
 14551 | Lair:2   | Found a staircase to the Snake Pit.
 15414 | Lair:3   | Learned a level 2 spell: Wereblood
 15459 | Lair:3   | Noticed Nessos
 15488 | Lair:3   | Killed Nessos
 15749 | Lair:3   | Got the Spellbook of Unified Guile
 15968 | Lair:3   | Found a staircase to the Swamp.
 17252 | Lair:5   | Entered Level 5 of the Lair of Beasts
 17275 | Lair:5   | Reached skill level 1 in Earth Magic
 17327 | Lair:5   | Reached skill level 10 in Necromancy
 17445 | Lair:5   | Found a runed translucent door.
 17502 | Lair:5   | Reached skill level 5 in Shields
 17504 | Lair:5   | Paralysed by a hornet for 3 turns
 17512 | Lair:5   | Paralysed by a hornet for 1 turns
 17699 | Lair:5   | Paralysed by a hornet for 2 turns
 17712 | Lair:5   | Reached XP level 14. HP: 46/133 MP: 18/18
 17958 | Lair:5   | Found a viscous altar of Jiyva.
 17958 | Lair:5   | Found a staircase to the Slime Pits.
 18502 | Lair:5   | Reached skill level 5 in Dodging
 18984 | D:7      | Bought a glowing cloak for 255 gold pieces
 19001 | D:7      | Learned a level 5 spell: Borgnjor's Vile Clutch
 19084 | D:9      | Killed Amaemon
 19506 | D:12     | Noticed Kirke
 19535 | D:12     | Killed Kirke
 19609 | D:12     | Found a portal to a secret trove of treasure.
 19766 | D:12     | Found Ykuyc's Armour Emporium.
 20062 | D:13     | Noticed Urug
 20070 | D:13     | Killed Urug
 20328 | D:13     | Noticed a fire giant
 20374 | D:13     | Killed a fire giant
 20455 | D:13     | Found the +9 sword of Power {lifebolt}
 20510 | D:13     | HP: 6/135 [vault guard/+2 long sword of electrocution (16)]
 20695 | D:13     | Noticed Azrael
 20704 | D:13     | Reached skill level 5 in Earth Magic
 20723 | D:13     | Killed Azrael
 21113 | D:13     | Reached skill level 5 in Transmutations
 21580 | D:14     | Reached XP level 15. HP: 114/143 MP: 15/20
 21782 | D:14     | Found a glowing silver altar of Zin.
 21782 | D:14     | Found a glowing golden altar of the Shining One.
 21783 | D:14     | Found a white marble altar of Elyvilon.
 21903 | D:14     | Found a gate to the Vaults.
 22035 | D:15     | Entered Level 15 of the Dungeon
 22133 | D:15     | Found a staircase to the Depths.
 22278 | D:15     | Found Fuofug's Distillery.
 22285 | D:15     | Bought a potion of haste for 190 gold pieces
 22285 | D:15     | Bought a potion of might for 76 gold pieces
 22285 | D:15     | Bought a potion of invisibility for 152 gold pieces
 22285 | D:15     | Bought a potion of heal wounds for 95 gold pieces
 22366 | D:15     | Found a transporter.
 22439 | D:15     | Found a transporter.
 22454 | D:15     | Noticed NoOffense's ghost (journeyman TrMo)
 22622 | Abyss:2  | Cast into level 2 of the Abyss (a wizard)
 22685 | Abyss:2  | Noticed an Executioner
 22694 | Abyss:2  | Killed an Executioner
 22758 | Abyss:2  | Found a corrupted altar of Lugonu.
 22826 | D:15     | Escaped the Abyss
 22886 | D:15     | Found an ancient bone altar of Kikubaaqudgha.
 22919 | D:15     | Reached skill level 16 in Unarmed Combat
 23295 | Orc:1    | Entered Level 1 of the Orcish Mines
 23505 | Orc:1    | Found a runed translucent door.
 23505 | Orc:1    | Noticed Vioxtix's ghost (journeyman GnFi)
 23844 | Orc:1    | Reached skill level 1 in Armour
 24198 | Orc:1    | Killed Vioxtix's ghost
 24230 | Orc:2    | Entered Level 2 of the Orcish Mines
 24231 | Orc:2    | Found a staircase to the Elven Halls.
 24253 | Orc:2    | Reached ***** piety under Kikubaaqudgha
 25003 | Orc:2    | Found Vaerahom's Antique Armour Boutique.
 25003 | Orc:2    | Found Orikume's Armour Shoppe.
 25005 | Orc:2    | Found Ahiky's Jewellery Boutique.
 25005 | Orc:2    | Found Kisha's Weapon Shoppe.
 25022 | Orc:2    | Bought a brightly glowing cloak for 190 gold pieces
 25022 | Orc:2    | Identified the +1 cloak "Nuegoint" {Str+3 Int+5 Dex-2} (You
                  | bought it in a shop on level 2 of the Orcish Mines)
 25188 | D:7      | Bought a potion of brilliance for 48 gold pieces
 25188 | D:7      | Bought a potion of curing for 36 gold pieces
 25188 | D:7      | Bought a potion of curing for 36 gold pieces
 25222 | D:7      | Bought a scroll of teleportation for 48 gold pieces
 25424 | D:15     | Bought a potion of flight for 57 gold pieces
 25675 | D:6      | Found a sacrificial altar of Ru.
 25688 | D:6      | Found a burning altar of Makhleb.
 25901 | D:10     | Killed nubinia's ghost
 26349 | Swamp:1  | Entered Level 1 of the Swamp
 26383 | Swamp:1  | You fall into a shaft and drop 1 floor!
 26398 | Swamp:1  | Noticed a fenstrider witch
 26403 | Swamp:1  | Paralysed by a fenstrider witch for 5 turns
 26405 | Swamp:1  | HP: 7/145 [fenstrider witch (6)]
 26406 | Swamp:1  | HP: 1/145 [fenstrider witch (3)]
 26407 | Swamp:1  | Succumbed to poison

Illustrated notes

Levels and vault maps discovered:
D:1:      arrival_zaba_pyramid, layout_basic, basic_ecumenical_altar,
          corexii_item_surrounded_by_moat, nicolae_wormholes
D:2:      layout_basic, chequers_serial_rivers_large_a,
          chequers_serial_rivers_small_3, uniq_natasha
D:3:      cheibrodos_old_hovel, layout_loops_corners, saegor_snake_ambush
D:4:      cheibrodos_quashed, layout_layer_cave, zin_purify,
          nicolae_gozag_seed_capital, minmay_temple_entry_stoned_glass,
          minmay_pentomino_pile
D:5:      layout_layer_cave, minmay_misc_feat_chi, grunt_ministairs_13,
          nicolae_alphabet_shops
D:6:      layout_rooms, jmf_multi_god_temple2, uniq_edmund
D:7:      layout_basic, serial_shops, shop, shop, nicolae_shop_advertising_works
          [nicolae_subvault_shop_adworks], nicolae_shop_hallway_plus
D:8:      layout_layer_cave, tso_altar, elyvilon_altar_5, uniq_maurice,
          uniq_psyche
D:9:      layout_gridville, serial_glass, glass_columns_a, glass_columns_c,
          enter_bailey_2, uniq_amaemon
D:10:     layout_irregular_city, nicolae_ashenzari_panopticon,
          gammafunk_ghost_wrathful_warriors, nicolae_nh_ransacked_shop
D:11:     layout_loops_cross, orc_0_dummy
D:12:     layout_rooms, nicolae_trove_entry_crossroad, nicolae_stop_n_shop_2,
          uniq_kirke, uniq_gastronok
D:13:     minmay_guarded_unrand_sword_of_power, layout_loops_ring, the_hattery,
          uniq_azrael, uniq_urug
D:14:     layout_cross, david_vaults_4, good_gods_temple_1
D:15:     hangedman_depths_entry_try_elsewhere_first, layout_long_grid,
          gammafunk_ghost_stat_death, serial_shops, shop,
          nicolae_kikubaaqudgha_miasma_corner, corexii_checkpoint_a
Temple:   hellmonk_temple_of_storms
Lair:1:   layout_long_grid, grunt_megastairs_3
Lair:2:   layout_loops_ring, nicolae_snake_entry_warm_welcome,
          gauntlet_entry_generic, serial_bayou_shore_a
Lair:3:   layout_cave_pods, minmay_swamp_entry_worms, lemuel_fruit_tree,
          uniq_nessos
Lair:4:   layout_regular_city
Lair:5:   guppyfry_lair_end_dragon, layout_concentric_octagons, wormcave,
          dpeg_slime_entry_corner
Swamp:1:  layout_basic_swamp, hangedman_swamp_blocks, swamp_pool4,
          nicolae_swamp_orc_logging_accident
Swamp:2:  cheibrodos_swamp_mausoleum, layout_basic_swamp,
          evilmike_swamp_ruin_house_2
Orc:1:    layout_caves, gammafunk_ghost_grave, basic_altar,
          hellmonk_guarded_unrand_dark_maul
Orc:2:    grunt_orc_tribal_feast, layout_diamond_mine, basic_altar,
          nicolae_orc_lava_room

Skill      XL: |  1  2  3  4  5  6  7  8  9 10 11 12 13 14 15 |
---------------+----------------------------------------------+-----
Unarmed Combat | 1 2 3 4 5 7 8 10 11 14 15 16 | 16.2
Necromancy     | 4 5 6 7 8 9 10 11 12 | 12.0
Fighting       | 1 3 4 5 6 7 8 |  8.7
Spellcasting   | 2 3 4 |  4.0
Hexes          | 1 2 3 |  3.0
Dodging        | 2 3 4 5 |  5.0
Transmutations | 1 3 4 5 |  5.0
Shields        | 2 5 7 8 |  8.9
Earth Magic    | 2 5 6 |  6.1
Armour         | 2 |  2.1
Stealth        | |  1.0
Ice Magic      | |  0.5

Action                     |  1- 3 |  4- 6 |  7- 9 | 10-12 | 13-15 || total
---------------------------+-------+-------+-------+-------+-------++-------
  Melee: Unarmed           |    86 |   148 |   216 |   347 |   939 ||  1736
         Punch             |       |     1 |     6 |    19 |    76 ||   102
  Throw: Dart              |       |       |    19 |    12 |     4 ||    35
   Cast: Necrotise         |       |    90 |    56 |    18 |       ||   164
         Animate Dead      |       |       |     2 |     9 |    22 ||    33
         Anguish           |       |       |     1 |    42 |    63 ||   106
         Dispel Undead     |       |       |       |     6 |     2 ||     8
         Wereblood         |       |       |       |       |    13 ||    13
         Borgnjor's Vile C |       |       |       |       |    70 ||    70
 Invoke: Unearth Wretches  |       |       |     1 |     9 |    14 ||    24
  Evoke: Wand              |       |       |       |     4 |     8 ||    12
    Use: Potion            |     2 |       |     6 |     8 |     9 ||    25
         Scroll            |     1 |     4 |       |    13 |    12 ||    30
   Stab: Sleeping          |     3 |     5 |     2 |       |       ||    10
         Paralysed         |       |       |     1 |     5 |    11 ||    17
         Invisible         |       |       |       |     2 |       ||     2
         Distracted        |       |       |       |       |     3 ||     3
 Armour: Robe              |    17 |    56 |    64 |    24 |       ||   161
         Skin              |    11 |       |    21 |    85 |     7 ||   124
         Troll leather arm |       |       |       |    72 |   493 ||   565
  Dodge: Dodged            |    34 |    97 |   108 |   170 |   339 ||   748
  Block: Kite shield       |       |       |       |       |   158 ||   158

Table legend: (Time is in decaauts)
 A = Elapsed time spent in this place.
 B = Non-inter-level travel time spent in this place.
 C = Inter-level travel time spent in this place.
 D = Time resting spent in this place.
 E = Time spent auto-exploring this place.
 F = Levels seen in this place.
 G = Mean time per level.
                   A        B        C        D        E       F      G
               +--------+--------+--------+--------+--------+-----+--------+
         Total |  28997 |  25676 |   3321 |    958 |  18542 |  27 | 1074.0 |
       Dungeon |  18186 |  15726 |   2460 |    622 |  11258 |  15 | 1212.4 |
        Temple |     45 |     28 |     17 |      0 |     12 |   1 |   45.0 |
          Lair |   7973 |   7225 |    748 |    270 |   5464 |   5 | 1594.6 |
         Swamp |     59 |     59 |      0 |      0 |     18 |   2 |   29.5 |
  Orcish Mines |   2109 |   2015 |     94 |      0 |   1599 |   2 | 1054.5 |
         Abyss |    213 |    213 |      0 |      7 |     67 |   1 |  213.0 |
      Gauntlet |    409 |    409 |      0 |     59 |    122 |   1 |  409.0 |
               +--------+--------+--------+--------+--------+-----+--------+

Top non-repeatable levels by time:
  Lair:5: 2264 daAuts
     D:8: 1884 daAuts
  Lair:3: 1832 daAuts
  Lair:1: 1746 daAuts
    D:13: 1710 daAuts
     D:9: 1574 daAuts
     D:4: 1379 daAuts
     D:5: 1308 daAuts
    D:10: 1244 daAuts
    D:15: 1240 daAuts
     D:2: 1222 daAuts
   Orc:1: 1134 daAuts
     D:7: 1117 daAuts
  Lair:4: 1076 daAuts
  Lair:2: 1053 daAuts
